 Dungeon Crawl Stone Soup version 0.29.1-1-gd02db6906a (webtiles) character file.

Game seed: 10107917678942104924

102 safid the Shooter (level 4, -2/38 HPs)
             Began as a Minotaur Hunter on Oct 3, 2022.
             Slain by an orc priest
             ... wielding a +0 flail
              (5 damage)
             ... on level 3 of the Dungeon.
             The game lasted 00:01:46 (1903 turns).

safid the Shooter (Minotaur Hunter)                 Turns: 1903, Time: 00:01:46

Health: -2/38      AC:  3    Str: 15    XL:     4   Next: 49%
Magic:  3/3        EV: 12    Int:  6    God:
Gold:   120        SH:  0    Dex: 16    Spells: 3/3 levels left

rFire   . . .      SeeInvis .   a - +0 shortbow
rCold   . . .      Faith    .   (shield currently unavailable)
rNeg    . . .      Spirit   .   c - +0 leather armour
rPois   .          Reflect  .   (helmet restricted)
rElec   .          Harm     .   (no cloak)
rCorr   .          Rampage  .   (no gloves)
Will    .....                   (no boots)
Stlth   +.........              (no amulet)
HPRegen 0.12/turn               (no ring)
MPRegen 0.08/turn               (no ring)

@: confused
A: horns 2, retaliatory headbutt
a: no special abilities


You were on level 3 of the Dungeon.
You visited 1 branch of the dungeon, and saw 3 of its levels.

You collected 120 gold pieces.

Inventory:

Hand Weapons
 a - a +0 shortbow (weapon)
Armour
 c - a +0 leather armour (worn)
Jewellery
 n - an amulet of magic regeneration
Wands
 k - a wand of flame (12)
Scrolls
 b - a scroll of immolation
 e - a scroll of enchant armour {unknown}
 i - a scroll of magic mapping {unknown}
 m - 2 scrolls of identify {unknown}
Potions
 d - 3 potions of curing {unknown}
 f - a potion of cancellation {unknown}
 g - 2 potions of flight {unknown}
 h - a potion of mutation {unknown}
 j - 3 potions of magic {unknown}
 l - a potion of degeneration {unknown}
 o - a potion of lignification {unknown}


   Skills:
 - Level 3.0 Fighting
 + Level 6.4 Ranged Weapons
 - Level 2.1 Dodging
 - Level 0.7 Stealth


You had 3 spell levels left.
You didn't know any spells.
Your spell library contained the following spells:

 Spells                   Type           Power      Damage    Failure   Level
 Sandblast                Erth           0%         2d4       52%         1
 Passwall                 Tmut/Erth      0%         N/A       67%         2
 Stone Arrow              Conj/Erth      0%         3d7       88%         3


Dungeon Overview and Level Annotations

Branches:
Dungeon (3/15)

Altars:

Shops:
D:2 [

Annotations:
D:2 1 runed translucent door, Crazy Yiuf


Innate Abilities, Weirdness & Mutations

You have a pair of horns on your head.
You reflexively headbutt those who attack you in melee.


Message History

Something hits you.
Unknown command.
Non-targeted confused fire: a) +0 shortbow
Press: ? - help, Q - select action, (/) - cycle Dir - look around, f - activate
Okay, then.
Non-targeted confused fire: a) +0 shortbow
Press: ? - help, Q - select action, (/) - cycle Dir - look around, f - activate Look: an orc priest, wielding a +0 flail (almost dead)
You shoot an arrow.
You hear some strange, mumbled words.
You are more confused.
Non-targeted confused fire: a) +0 shortbow
Press: ? - help, Q - select action, (/) - cycle Dir - look around, f - activate Look: an orc priest, wielding a +0 flail (almost dead)
You shoot an arrow. Something hits you.
Unknown command.
Non-targeted confused fire: a) +0 shortbow
Press: ? - help, Q - select action, (/) - cycle Dir - look around, f - activate Look: an orc priest, wielding a +0 flail (almost dead)
You shoot an arrow. Something hits you.
The orc priest hits you but does no damage.
Non-targeted confused fire: a) +0 shortbow
Press: ? - help, Q - select action, (/) - cycle Dir - look around, f - activate Look: an orc priest, wielding a +0 flail (almost dead)
You shoot an arrow. Something barely misses you.
The orc priest mumbles some strange prayers to Beogh against you.
Beogh smites you!
* * * LOW HITPOINT WARNING * * *
You're too confused to move!
You hear some strange, mumbled words.
A magic dart appears from out of thin air!
The magic dart hits you!
* * * LOW HITPOINT WARNING * * *
The orc priest misses you.
The orc priest attacks as you move away!
The orc priest hits you with a +0 flail.
You die...

##########
.....)o{.#
### #@#
#<# #.#
#.# #.#
#.# #.#
#.# #.#
#.# #.#
#.# #.#
#.# #.# #.
#.# #.#


You could see an orc priest.

Vanquished Creatures
  An orc priest (D:3)
  A gnoll (D:1)
  3 dart slugs
  4 orcs (D:3)
  A ball python (D:2)
  2 endoplasms
  3 giant cockroaches
  A goblin (D:1)
  6 hobgoblins
  6 kobolds
  6 quokkas
  7 bats
  4 frilled lizards
  5 rats
50 creatures vanquished.

Notes
Turn   | Place    | Note
-------+----------+-------------------------------------------
     0 | D:1      | safid the Minotaur Hunter began the quest for the Orb.
     0 | D:1      | Reached XP level 1. HP: 18/18 MP: 0/0
    71 | D:1      | Reached XP level 2. HP: 26/26 MP: 1/1
   121 | D:1      | Reached skill level 5 in Ranged Weapons
   342 | D:1      | Reached XP level 3. HP: 31/31 MP: 2/2
   824 | D:2      | Found a runed translucent door.
   825 | D:2      | Noticed Crazy Yiuf
   860 | D:2      | Found Sumenaz's Armour Shoppe.
  1706 | D:3      | Reached skill level 6 in Ranged Weapons
  1706 | D:3      | Reached XP level 4. HP: 38/38 MP: 3/3
  1903 | D:3      | Slain by an orc priest

Illustrated notes

Levels and vault maps discovered:
D:1:      saegor_arrival_simple_a, layout_rooms, minmay_misc_feat_five,
          nicolae_concentric_dashed_squares_mild, st_stairs_4,
          hangedman_decor_peaks_small
D:2:      layout_loops_corners, serial_shops, shop, uniq_crazy_yiuf_cottage
D:3:      layout_basic, shapermc_ecumenical_altar_rom_forum, uniq_robin,
          uniq_terence

Skill      XL: |  1  2  3 |
---------------+----------+-----
Fighting       | 3 |  3.0
Ranged Weapons | 5 6 |  6.4
Dodging        | |  2.1
Stealth        | |  0.7

Action                   |  1- 3 |  4- 6 || total
-------------------------+-------+-------++-------
 Fire: Shortbow          |   112 |    20 ||   132
Armor: Leather armour    |    10 |     2 ||    12
Dodge: Dodged            |    20 |     9 ||    29
